 Dungeon Crawl Stone Soup version 0.28.0-45-g0d030f2227 (webtiles) character file.

Game seed: 17720985832917434579

41 mortz the Magician (level 3, -1/19 HPs)
             Began as a Deep Elf Air Elementalist on Apr 10, 2022.
             Slain by an orc wizard
             ... wielding a +0 dagger
              (3 damage)
             ... on level 2 of the Dungeon.
             The game lasted 00:07:23 (2145 turns).

mortz the Magician (Deep Elf Air Elementalist)      Turns: 2145, Time: 00:07:24

Health: -1/19      AC:  3    Str:  5    XL:     3   Next: 32%
Magic:  4/10       EV: 13    Int: 21    God:
Gold:   117        SH:  0    Dex: 15    Spells: 6/9 levels left

rFire   . . .      SeeInvis .   q - +0 short sword {short}
rCold   . . .      Faith    .   (no shield)
rNeg    . . .      Spirit   .   a - +0 robe
rPois   .          Reflect  .   (no helmet)
rElec   .          Harm     .   j - +0 cloak
rCorr   .          Rampage  .   (no gloves)
Will    .....                   (no boots)
Stlth   ++........              (no amulet)
HPRegen 0.06/turn               (no ring)
MPRegen 0.12/turn               (no ring)

@: no status effects
A: no striking features
a: no special abilities


You were on level 2 of the Dungeon.
You visited 1 branch of the dungeon, and saw 3 of its levels.

You collected 117 gold pieces.


   Skills:
 + Level 3.1 Dodging
 + Level 3.0 Stealth
 + Level 3.5 Spellcasting
 + Level 1.8 Conjurations
 + Level 3.2 Air Magic


You had 6 spell levels left.
You knew the following spells:

 Your Spells              Type           Power      Damage    Failure   Level
a - Shock                 Conj/Air       56%        1d6       4%          1
b - Static Discharge      Conj/Air       14%        N/A       7%          2

Your spell library contained the following spells:

 Spells                   Type           Power      Damage    Failure   Level
 Swiftness                Air            17%        N/A       10%         3
 Airstrike                Air            8%         N/A       32%         4

Inventory:

Hand Weapons
 b - a +0 club {mace}
   (You found it on level 1 of the Dungeon)
 k - a +0 dagger {short}
   (You took it off a kobold on level 1 of the Dungeon)
 q - a +0 short sword (weapon) {short}
   (You took it off a kobold on level 2 of the Dungeon)
Missiles
 c - 53 stones {throwing}
 e - 45 arrows
 f - 42 bolts
 o - 2 poisoned darts {throwing}
 p - 24 sling bullets
Armour
 a - a +0 robe (worn)
 j - a +0 cloak (worn)
   (You found it on level 1 of the Dungeon)
Scrolls
 d - 2 scrolls of noise {unknown}
 g - a scroll of enchant weapon {unknown}
 i - 2 scrolls of identify {unknown}
 l - a scroll of blinking {unknown}
 m - 3 scrolls of enchant armour {unknown}
 r - a scroll of fog {unknown}
Potions
 h - 3 potions of curing {unknown}
 n - a potion of berserk rage {unknown}

Dungeon Overview and Level Annotations

Branches:
Dungeon (3/15)

Altars:

Annotations:
D:2 1 runed translucent door, Crazy Yiuf, Sigmund

#..## ########..#
########.........#
#........#######.## ########
#.##############... .......#
#...............##. ##.###.#
#.#############.##. #.# #.#
#)#### #.##.
#.###.########.@..## ##.##.
#..............###.########...#.
#####.######...# #..........#...
###.######.#.###.##.#####...#.
#...............###.# ##.##.
####.#.######.###### #.# #.##.
.......# #.# #.# #.... ..##.###
#>########.# ##.### #.##.#
#..........#####...##


There were no monsters in sight!


Message History

😎 MP[+1]
Your mp is fully restored (9).
Aiming: Shock (safe; 4% risk of failure)
Press: ? - help, Q - select action, (/) - cycle Shift-Dir - straight line, f - rat
Aim: a rat (asleep, 100% to hit)
The zap hits the rat. 😎 MP[-1]
You lost 1 mp, and now have 8/9 mp.
Aiming: Shock (safe; 4% risk of failure)
Press: ? - help, Q - select action, (/) - cycle Shift-Dir - straight line, f/p - rat
Aim: a rat (moderately wounded, 71% to hit)
The zap hits the rat.
You kill the rat! 😎 MP[-1]
A bat comes into view.
The bat closely misses you. 😎 MP[+3]
Your mp is fully restored (10).
Casting: Shock (safe; 4% risk of failure)
Confirm with . or Enter, or press ? or * to list all spells.
The bat is struck by an arc of lightning.
You kill the bat!
You are struck by an arc of lightning.
The lightning grounds out. 😕 HP[-2] MP[-2]
You take 2 damage, and now have 17/19 hp.
You lost 2 mp, and now have 8/10 mp.
You open the door.
There is an open door here.
There is an open door here.
c - 53 stones {throwing} (gained 5)
You see here a +0 club {mace}. 😎 HP[+2] MP[+2]
Your hp is fully restored (19).
Your mp is fully restored (10).
You see here a +0 club {mace}.
r - a scroll labelled HEZUUXI XIV ZIKHLYO Sigmund the Dreaded comes into view.
He is wielding a +0 scythe.
Press: ? - help, . - travel You can't see that place. [the floor.] Placed new exclusion.
There is an open door here.
There is an open door here.
Crazy Yiuf shouts!
Crazy Yiuf waves his quarterstaff at you.
Could not explore, unopened runed door.
Crazy Yiuf grits, "Ice!
Iron noodlescoop down."
There is a stone staircase leading down here.
You climb downwards.
The hobgoblin shouts!
The adder hisses angrily.
The orc wizard shouts! x2
The ball python hisses angrily.
The orc shouts! x2
There is a stone staircase leading up here.
The orc wizard casts a spell at you. The puff of flame hits you!
Ouch! That really hurt!
* * * LOW HITPOINT WARNING * * *
The orc wizard gestures wildly while chanting.
The orc wizard flickers and vanishes!
Deactivating autopickup; reactivate with Ctrl-A.
You climb upwards.
Level annotation: 1 runed translucent door, Crazy Yiuf, Sigmund Reactivating autopickup.
There is a stone staircase leading down here. 😨 HP[-10]
You take 10 damage, and now have 9/19 hp.
MASSIVE DAMAGE!! (PAUSE)
Casting: Static Discharge (safe; 7% risk of failure)
Confirm with . or Enter, or press ? or * to list all spells.
The orc wizard is struck by an arc of lightning.
You are struck by an arc of lightning.
* * * LOW HITPOINT WARNING * * *
The lightning grounds out.
Something is struck by an arc of lightning!
The lightning grounds out.
You hear some strange, mumbled words.
Deactivating autopickup; reactivate with Ctrl-A.
Something tries to affect you, but you resist.
The orc wizard misses you. 😨 HP[-2] MP[-2]
You take 2 damage, and now have 7/19 hp.
You lost 2 mp, and now have 8/10 mp.
Casting: Static Discharge (safe; 7% risk of failure)
Confirm with . or Enter, or press ? or * to list all spells.
The orc wizard is struck by an arc of lightning.
You are struck by an arc of lightning.
* * * LOW HITPOINT WARNING * * *
The lightning grounds out.
Something barely misses you.
The orc wizard misses you. 😱 HP[-3] MP[-2]
You take 3 damage, and now have 4/19 hp.
You lost 2 mp, and now have 6/10 mp.
Casting: Static Discharge (safe; 7% risk of failure)
Confirm with . or Enter, or press ? or * to list all spells.
The orc wizard is struck by an arc of lightning.
You kill the orc wizard!
The lightning grounds out.
Something is struck by an arc of lightning.
You are struck by an arc of lightning.
* * * LOW HITPOINT WARNING * * *
The lightning grounds out.
Something hits you.
You die...

Skill      XL: |  1  2  3 |
---------------+----------+-----
Stealth        | 3 |  3.0
Dodging        | 3 |  3.1
Spellcasting   | |  3.5
Conjurations   | |  1.8
Air Magic      | |  3.2

Action                   || total
-------------------------++-------
 Cast: Shock             ||    61
       Static Discharge  ||     6
Dodge: Dodged            ||     6

Levels and vault maps discovered:
D:1:      psy_arrival_fountain, layout_rooms
D:2:      layout_loops_ring, shapermc_ecumenical_altar_flowoftime,
          uniq_crazy_yiuf_cottage, uniq_sigmund
D:3:      layout_basic, hex_large, grunt_decor_junction, st_stairs_14

Notes
Turn   | Place    | Note
-------+----------+-------------------------------------------
     0 | D:1      | mortz the Deep Elf Air Elementalist began the quest for the
                  | Orb.
     0 | D:1      | Reached XP level 1. HP: 10/10 MP: 6/6
     0 | D:1      | magus.rc [v1.9.6]
   250 | D:1      | Reached XP level 2. HP: 15/15 MP: 6/8
   337 | D:1      | Learned a level 2 spell: Static Discharge
  1034 | D:2      | Reached skill level 3 in Stealth
  1034 | D:2      | Reached XP level 3. HP: 19/19 MP: 6/9
  1094 | D:2      | Found a faded altar of an unknown god.
  1166 | D:2      | Reached skill level 3 in Dodging
  1410 | D:2      | Found a runed translucent door.
  1411 | D:2      | Noticed Crazy Yiuf
  1918 | D:2      | Noticed Sigmund
  2144 | D:2      | HP: 4/19 [/static electricity (3)]
  2145 | D:2      | Slain by an orc wizard

Vanquished Creatures
  An orc wizard (D:2)
  An adder (D:2)
  4 ball pythons
  4 endoplasms
  4 giant cockroaches (D:1)
  A hobgoblin (D:1)
  4 kobolds
  2 quokkas (D:2)
  4 bats
  2 frilled lizards
  5 rats
32 creatures vanquished.

Table legend:
 A = Non-vault XP
 B = Vault XP
 C = Vault XP percentage of total XP
 D = Non-vault monster count
 E = Vault monster count
 F = Vault count percentage of total count
                 A         B        C        D         E       F
            +---------+---------+-------+---------+---------+-------
      Total |      94 |       0 |   0.0 |      32 |       0 |   0.0
            +---------+---------+-------+---------+---------+-------
        D:1 |      27 |       0 |   0.0 |      17 |       0 |   0.0
        D:2 |      67 |       0 |   0.0 |      15 |       0 |   0.0
            +---------+---------+-------+---------+---------+-------

Illustrated notes

Table legend:
 A = Kills in this place as a percentage of kills in entire the game.
 B = Kills by you in this place as a percentage of kills by you in the entire game.
 C = Kills by friends in this place as a percentage of kills by friends in the entire game.
 D = Other kills in this place as a percentage of other kills in the entire game.
 E = Experience gained in this place as a percentage of experience gained in the entire game.
 F = Experience gained in this place divided by the number of levels of this place that you have seen.
                   A       B       C       D       E      F
               +-------+-------+-------+-------+-------+----------------------
         Total | 100.0 | 100.0 |   N/A |   N/A | 100.0 |  31.3
       Dungeon | 100.0 | 100.0 |   N/A |   N/A | 100.0 |  31.3
               +-------+-------+-------+-------+-------+----------------------

Table legend: (Time is in decaauts)
 A = Elapsed time spent in this place.
 B = Non-inter-level travel time spent in this place.
 C = Inter-level travel time spent in this place.
 D = Time resting spent in this place.
 E = Time spent auto-exploring this place.
 F = Levels seen in this place.
 G = Mean time per level.
                   A        B        C        D        E       F      G
               +--------+--------+--------+--------+--------+-----+--------+
         Total |   2143 |   2095 |     48 |     46 |   1802 |   3 |  714.3 |
       Dungeon |   2143 |   2095 |     48 |     46 |   1802 |   3 |  714.3 |
               +--------+--------+--------+--------+--------+-----+--------+

Top non-repeatable levels by time:
     D:2: 1260 daAuts
     D:1: 881 daAuts
     D:3: 1 daAuts
